 Dungeon Crawl Stone Soup version 0.18-a0-1639-g7533f42 (webtiles) character file.

4167 namelastname112 the Martial Artist (level 10, -8/84 HPs)
             Began as a Grey Draconian Monk on Mar 27, 2016.
             Was an Initiate of Ru.
             Killed by divine providence
             ... invoked by a smoke demon
              (9 damage)
             ... on level 1 of the Abyss.
             The game lasted 00:18:25 (7126 turns).

namelastname112 the Martial Artist (DrMo)           Turns: 7126, Time: 00:18:26

Health: -8/84      AC: 20    Str: 14    XL:     10   Next: 7%
Magic:  10/10      EV: 16    Int: 10    God:    Ru [......]
Gold:   454        SH:  9    Dex: 17    Spells: 0 memorised, 9 levels left

rFire  + . .     SeeInvis .       - Unarmed
rCold  + . .     Gourm    .     (armour unavailable)
rNeg   . . .     Faith    .     u - +0 buckler
rPois  .         Spirit   .     (helmet restricted)
rElec  .         Dismiss  .     i - +0 cloak
rCorr  .         Reflect  +     g - +1 pair of gloves
SustAt .         Harm     .     q - +0 pair of boots
MR     .....                    C - +4 amulet of reflection
Stlth  ..........               K - ring of protection from fire
                                f - +4 ring of protection

@: not resistant to hostile enchantments, extremely unstealthy
A: walk through water, unfitting armour, hooves 1, horns 1, cold resistance 1,
mutation resistance 1, unbreathing, cold-blooded, no stealth, AC +12
a: Sacrifice Words, Sacrifice Nimbleness, Sacrifice Skill, Reject Sacrifices,
Renounce Religion


You were on level 1 of the Abyss.
You worshipped Ru.
Ru was noncommittal.
You were very hungry.

You visited 2 branches of the dungeon, and saw 10 of its levels.
You visited the Abyss 1 time.

You collected 454 gold pieces.

Inventory:

Hand Weapons
 y - the +9 dagger of Broken Luck {venom, MR+}
   (You found it on level 5 of the Dungeon)

   It poisons the flesh of those it strikes.
   It affects your resistance to hostile enchantments.
Armour
 g - a +1 pair of gloves (worn)
 i - a +0 cloak (worn)
 q - a +0 pair of boots (worn)
 u - a +0 buckler (worn)
Jewellery
 f - a +4 ring of protection (left hand)
 m - a +2 ring of strength
 w - an uncursed amulet of magic regeneration
 C - a +4 amulet of reflection (around neck)
 D - an uncursed ring of flight
 I - an uncursed ring of ice
 K - a ring of protection from fire (right hand)
Wands
 s - a wand of paralysis (1/24)
 G - a wand of hasting (3/9)
 L - a wand of confusion (12/48)
Scrolls
 d - a scroll of teleportation
 e - 2 scrolls of blinking {unknown}
 k - 4 scrolls of remove curse {unknown}
 p - 4 scrolls of magic mapping {unknown}
 t - a scroll of amnesia {unknown}
 x - a scroll of enchant armour {unknown}
 E - a scroll of enchant weapon {unknown}
 F - 2 scrolls of noise {unknown}
 M - a scroll of random uselessness {unknown}
 O - 2 scrolls of recharging {unknown}
Potions
 c - a potion of flight
 l - a potion of haste
 n - 2 potions of ambrosia
 o - a potion of resistance {unknown}
 r - 3 potions of might {unknown}
 A - 2 potions of lignification
 B - a potion of agility
 J - 2 potions of brilliance
 N - a potion of degeneration {unknown}
Comestibles
 a - 7 bread rations
 b - a slice of pizza
 j - a meat ration
 z - a beef jerky
 H - 3 fruits


   Skills:
 + Level 6.9 Fighting
 + Level 5.7 Dodging
 - Level 4.8 Shields
 * Level 11.7 Unarmed Combat


You had 9 spell levels left.
You didn't know any spells.

Dungeon Overview and Level Annotations

Branches:
Dungeon (9/15)             Temple (1/1) D:7
   Lair: D:8-11         Orc: D:9-12

Altars:
Ashenzari
Elyvilon
Gozag
Kikubaaqudgha
Nemelex Xobeh
Okawaru
Qazlal
Ru
Sif Muna
Trog
Yredelemnul
Zin
The Shining One

Shops:
D:5 [   D:6 !

Annotations:
D:4 exclusion: door
D:8 Psyche; namelastname112's ghost, novice DrMo
D:9 Joseph


Innate Abilities, Weirdness & Mutations

You can walk through water.
Your dull iron-grey scales are very hard (AC +12).
Your body does not fit into most forms of armour.
You can survive without breathing.
You are cold-blooded and may be slowed by cold attacks.
You cannot be stealthy.
You have large cloven feet.
You have a pair of small horns on your head.
Your flesh is cold resistant.
You are somewhat resistant to further mutation.


Message History

The five-headed hydra zombie closely misses you.
The five-headed hydra zombie bites you but does no damage.
The five-headed hydra zombie misses you.
Ru believes you are ready to make a new sacrifice.
Drink which item? (? for menu, Esc to quit)
You feel better. The golden eye blinks at you. You resist with some effort.
The five-headed hydra zombie barely misses you.
The five-headed hydra zombie bites you!
* * * LOW HITPOINT WARNING * * *
The five-headed hydra zombie bites you but does no damage.
The five-headed hydra zombie closely misses you. x2
Drink which item? (? for menu, Esc to quit)
Okay, then.
Read which item? (? for menu, Esc to quit)
Okay, then.
The smoke demon gestures at you. Something smites you!
You die...

#.. .. #.# #
##..#..## ## #...
... #. #.#.#..#..#
.# ##.# #.##.#..#
#.. #.#.#≈♣≈3@...#
# # ....♣≈≈G♣...#
#.. #...≈≈Z≈≈.##
#.##..###...[≈≈≈≈.#
#....#....#....##.#
#.. ..
....##.##.#.#
##.........#.### #
. #.....####.#.#
#...## .. #[...


You could see a smoke demon, a golden eye and a five-headed hydra zombie.

Vanquished Creatures
  An orb spider (Abyss:1)
  A smoke demon (Abyss:1)
  A black mamba skeleton (Abyss:1)
  A golden eye (Abyss:1)
  2 small abominations (Abyss:1)
  Grum (D:8)
  4 orc warriors
  2 ice beasts
  A phantom (D:6)
  A centaur (D:8)
  4 wolves (D:8)
  4 giant frogs
  3 scorpions
  5 wights (D:7)
  2 crimson imps (D:8)
  A quasit (D:7)
  6 hounds
  A centaur skeleton (D:6)
  A giant frog skeleton (D:9)
  4 jellies
  3 orc priests
  6 orc wizards
  4 iguanas
  4 worker ants
  4 hound skeletons
  A howler monkey zombie (D:8)
  6 adders
  3 shadow imps
  3 oozes
  An adder zombie (D:7)
  3 worms
  5 giant geckos
  29 orcs
  3 giant cockroaches
  7 goblins
  6 hobgoblins
  9 jackals
  7 kobolds
  5 quokkas
  4 ball pythons
  12 bats
  A giant gecko skeleton (D:7)
  4 giant newts
  11 rats
187 creatures vanquished.

Vanquished Creatures (others)
  A golden eye (Abyss:1)
  An orc wizard (D:7)
  A starspawn tentacle (Abyss:1)
3 creatures vanquished.

Grand Total: 190 creatures vanquished

Notes
Turn   | Place    | Note
--------------------------------------------------------------
     0 | D:1      | namelastname112 the Draconian Monk began the quest for the Orb.
     0 | D:1      | Reached XP level 1. HP: 19/19 MP: 1/1
   141 | D:1      | Reached XP level 2. HP: 24/26 MP: 2/2
   249 | D:1      | Found a shattered altar of Ashenzari.
   965 | D:2      | Reached skill level 5 in Unarmed Combat
   965 | D:2      | Reached XP level 3. HP: 29/31 MP: 3/3
  1152 | D:2      | Found a stormy altar of Qazlal.
  1161 | D:2      | Reached XP level 4. HP: 38/38 MP: 4/4
  1652 | D:3      | Reached skill level 6 in Unarmed Combat
  1855 | D:3      | Found a faded altar to an unknown god.
  2150 | D:4      | Noticed an orc warrior
  2547 | D:4      | Killed an orc warrior
  2547 | D:4      | Reached XP level 5. HP: 45/45 MP: 5/5
  2548 | D:4      | Reached skill level 7 in Unarmed Combat
  2623 | D:4      | Found a deep blue altar of Sif Muna.
  2659 | D:4      | Reached XP level 6. HP: 40/51 MP: 6/6
  3028 | D:5      | Entered Level 5 of the Dungeon
  3098 | D:5      | Noticed an ice beast
  3107 | D:5      | Got a faintly glowing dagger
  3108 | D:5      | Identified the +9 dagger of Broken Luck {venom, MR+} (You found it on level 5 of the Dungeon)
  3132 | D:5      | Killed an ice beast
  3132 | D:5      | Reached skill level 8 in Unarmed Combat
  3481 | D:5      | Your scales start taking on a dull iron-grey colour.
  3481 | D:5      | Reached XP level 7. HP: 51/57 MP: 7/7
  3481 | D:5      | Gained mutation: You can survive without breathing. [Grey Draconian growth]
  3518 | D:5      | Found Sioqazos's Armour Shop.
  3728 | D:5      | Reached skill level 1 in Shields
  3728 | D:5      | Reached skill level 9 in Unarmed Combat
  4076 | D:6      | You fall through a shaft for 3 floors!
  4107 | D:9      | Reached XP level 8. HP: 61/66 MP: 8/8
  4752 | D:8      | Reached skill level 10 in Unarmed Combat
  5115 | D:8      | Noticed namelastname112's ghost (novice DrMo)
  5127 | D:7      | Found a staircase to the Ecumenical Temple.
  5132 | Temple   | Entered the Ecumenical Temple
  5170 | Temple   | Became a worshipper of Ru the Awakened
  5182 | Temple   | Gained mutation: You cannot be stealthy. [Ru sacrifice]
  5552 | D:6      | Found Leirph's Distillery.
  5555 | D:6      | Gained mutation: You have a pair of small horns on your head. [potion of mutation]
  5555 | D:6      | Gained mutation: Your flesh is cold resistant. [potion of mutation]
  5555 | D:6      | Gained mutation: You are somewhat resistant to further mutation. [potion of mutation]
  5556 | D:6      | Gained mutation: You have large cloven feet. [potion of mutation]
  5583 | D:6      | Reached skill level 5 in Fighting
  5587 | D:6      | Reached XP level 9. HP: 74/74 MP: 9/9
  6558 | D:8      | Noticed Grum
  6595 | D:8      | Killed Grum
  6595 | D:8      | Reached skill level 11 in Unarmed Combat
  6611 | D:8      | Reached skill level 5 in Dodging
  6765 | D:9      | Noticed Joseph
  6766 | D:9      | Noticed Psyche
  6783 | D:8      | Cast into level 1 of the Abyss (Psyche)
  6869 | Abyss:1  | Noticed an orb spider
  6872 | Abyss:1  | Killed an orb spider
  6873 | Abyss:1  | Noticed a soul eater
  6875 | Abyss:1  | Noticed a starcursed mass
  6996 | Abyss:1  | Noticed a rust devil
  7001 | Abyss:1  | Noticed a tentacled starspawn
  7079 | Abyss:1  | Noticed a smoke demon
  7089 | Abyss:1  | Noticed a hellwing
  7118 | Abyss:1  | Killed a smoke demon
  7118 | Abyss:1  | Reached XP level 10. HP: 23/84 MP: 10/10
  7122 | Abyss:1  | Noticed a smoke demon
  7123 | Abyss:1  | HP: 4/84 [five-headed hydra zombie (10)]
  7125 | Abyss:1  | HP: 1/84 [five-headed hydra zombie (10)]
  7126 | Abyss:1  | Killed from afar by a smoke demon

Vault maps used:
D:1:      dpeg_arrival_pond, serial_glass, glass_columns_c, glass_columns_a,
          nicolae_ashenzari_panopticon
D:2:      overflow_temple_1_default, first_bread, serial_curves, eino_curves_04,
          eino_curves_04
D:3:      ecumenical_altar_2, moated_statue
D:4:      led_sif_book
D:5:      serial_shops, kennysheep_mini, minmay_liquid_box, serial_bayou_pond_e
D:6:      serial_shops, nicolae_shop_behind_doors
D:7:      minmay_temple_entry_from_below_a
D:8:      uniq_grum
D:9:      uniq_joseph, uniq_psyche
Temple:   grunt_circular_temple_18

Skill      XL: |  1  2  3  4  5  6  7  8  9 |
---------------+----------------------------+-----
Unarmed Combat | 5 6 7 8 9 10 11 | 11.7
Shields        | 2 4 |  4.8
Dodging        | 3 4 5 |  5.7
Fighting       | 5 6 |  6.9
Stealth        | 0 |  0.0

Action                   |  1- 3 |  4- 6 |  7- 9 | 10-12 || total
-------------------------+-------+-------+-------+-------++-------
Melee: Unarmed           |   101 |   161 |   258 |     2 ||   522
       Dagger            |       |    35 |   151 |       ||   186
Invok: Sacrifice Stealth |       |       |     1 |       ||     1
Evoke: Wand              |       |     2 |       |       ||     2
  Use: Potion            |       |     1 |     7 |     1 ||     9
       Scroll            |       |       |    10 |       ||    10
 Stab: Sleeping          |     1 |     4 |     3 |       ||     8
       Paralysed         |       |    12 |       |       ||    12
       Distracted        |       |       |     1 |       ||     1
  Eat: Chunk             |       |     7 |    12 |       ||    19
